 Dungeon Crawl Stone Soup version 0.17.1-3-g152610e (webtiles) character file.

116 Grim the Twirler (level 4, -2/36 HPs)
             Began as a Centaur Gladiator on Feb 29, 2016.
             Killed from afar by an orc wizard (6 damage)
             ... with a puff of flame
             ... on level 3 of the Dungeon.
             The game lasted 00:07:36 (3030 turns).

Grim the Twirler (Centaur Gladiator)                Turns: 3030, Time: 00:07:36

Health: -2/36      AC:  5    Str: 18    XL:     4   Next: 70%
Magic:  4/4        EV:  9    Int:  7    God:
Gold:   104        SH:  0    Dex: 10    Spells: 0 memorised, 3 levels left

rFire  . . .     SeeInvis .     a - +0 quarterstaff
rCold  . . .     Clarity  .     b - +0 leather armour
rNeg   . . .     SustAt   .     (shield currently unavailable)
rPois  .         Gourm    .     c - +0 helmet
rElec  .         Spirit   .     (no cloak)
rCorr  .         Warding  .     (no gloves)
rMut   .         Stasis   .     (no barding)
MR     .....                    v - amulet of regeneration
Stlth  ..........               (no ring)
                                (no ring)

@: very quick, not resistant to hostile enchantments, extremely unstealthy
A: hooves 3, deformed body, speed 2, tough skin 3
a: no special abilities


You were on level 3 of the Dungeon.
You were hungry.

You visited 1 branch of the dungeon, and saw 4 of its levels.

You collected 104 gold pieces.

Inventory:

Hand Weapons
 a - a +0 quarterstaff (weapon)
Missiles
 d - 3 throwing nets (quivered)
 t - 18 arrows
Armour
 b - a +0 leather armour (worn)
 c - a +0 helmet (worn)
Jewellery
 v - an amulet of regeneration (around neck)
Wands
 m - a wand of draining (7)
Scrolls
 h - 2 scrolls of blinking {unknown}
 j - a scroll of remove curse {unknown}
 l - 2 scrolls of magic mapping {unknown}
 n - 3 scrolls of amnesia {unknown}
 o - 2 scrolls of identify {unknown}
 s - 2 scrolls of teleportation {unknown}
 w - a scroll of recharging {unknown}
Potions
 g - 2 potions of agility {unknown}
 i - 2 potions of lignification {unknown}
 k - a potion of cure mutation {unknown}
 p - a potion of beneficial mutation {unknown}
 q - a potion of invisibility {unknown}
 r - a potion of mutation {unknown}
 u - a potion of magic {unknown}
Comestibles
 e - 2 bread rations
 f - 3 meat rations


   Skills:
 - Level 2.0 Fighting
 + Level 5.0 Staves
 - Level 2.1 Throwing
 - Level 2.1 Dodging


You had 3 spell levels left.
You didn't know any spells.

Dungeon Overview and Level Annotations

Branches:
Dungeon (4/15)
 Temple: D:4-7

Altars:
Elyvilon


Innate Abilities, Weirdness & Mutations

You have hooves in place of feet.
Armour fits poorly on your strangely shaped body.
You cover ground very quickly.
You have extremely tough skin (AC +3).


Message History

The orc wizard gestures wildly while chanting.
The orc wizard seems to speed up.
You closely miss the orc wizard.
The orc wizard is severely wounded.
The orc wizard hits you with a dagger.
* * * LOW HITPOINT WARNING * * *
The orc wizard hits you with a dagger.
* * * LOW HITPOINT WARNING * * *
You hit the orc wizard but do no damage.
You kick the orc wizard, but do no damage.
The orc wizard is severely wounded.
The orc wizard casts a spell at you. The puff of flame hits you!
* * * LOW HITPOINT WARNING * * *
The orc wizard hits you but does no damage.
You barely miss the orc wizard.
The orc wizard is severely wounded.
The orc wizard points at you and mumbles some strange words.
The puff of flame hits you!
You die...

#...........##.#.........)
#.....)........#..........
#...........#.............
#...###...................
#...#####.................
####......##..##..........
#......###.............
#.......[...#........#.
#.....@.#####..........
#....o.................
##..................#...
#.......####.......####.
##.......###........# ##
#.......<##.......### #
####............####.# #
###.......####(.#)# #.# ##
#...##.##.#.......# #.###


You could see an orc wizard.

Vanquished Creatures
  Jessica (D:3)
  An orc wizard (D:3)
  An adder (D:4)
  An ooze (D:2)
  2 worms (D:2)
  An orc (D:3)
  6 bats
  7 hobgoblins
  3 jackals (D:1)
  9 kobolds
  2 ball pythons
  4 giant cockroaches
  3 giant geckos
  2 giant newts (D:1)
  4 goblins
  4 rats
51 creatures vanquished.

Notes
Turn   | Place    | Note
--------------------------------------------------------------
     0 | D:1      | Grim the Centaur Gladiator began the quest for the Orb.
     0 | D:1      | Reached XP level 1. HP: 17/17 MP: 1/1
   263 | D:1      | Reached skill level 3 in Staves
   354 | D:1      | Reached XP level 2. HP: 14/24 MP: 2/2
  1205 | D:2      | Reached XP level 3. HP: 21/29 MP: 3/3
  1364 | D:2      | Found a white marble altar of Elyvilon.
  1404 | D:2      | Reached skill level 4 in Staves
  1418 | D:2      | Found a faded altar to an unknown god.
  2307 | D:3      | Noticed Jessica
  2314 | D:3      | Killed Jessica
  2314 | D:3      | Reached XP level 4. HP: 36/36 MP: 4/4
  2765 | D:4      | Noticed a phantom
  3021 | D:4      | Reached skill level 5 in Staves
  3030 | D:3      | Killed from afar by an orc wizard

Action                   |  1- 3 |  4- 6 || total
-------------------------+-------+-------++-------
Melee: Quarterstaff      |   123 |    55 ||   178
  Eat: Bread ration      |     1 |       ||     1
       Chunk             |     1 |       ||     1
